[Event "*** Titled Tuesday Blitz"]
[Site "Chess.com"]
[Date "2018.07.03"]
[Round "5"]
[White "Swarnapuri"]
[Black "timator"]
[Result "1-0"]
[WhiteElo "2569"]
[BlackElo "2360"]
[TimeControl "180+2"]
[EndTime "14:01:43 PDT"]
[Termination "Swarnapuri won by resignation"]

1. d4 Nf6 2. Bf4 e6 3. e3 b6 4.
Nf3 Bb7 5. Bd3 d5 6. Nbd2 Bd6 7.
Ne5 Nbd7 8. Qf3 Qe7 9. Bb5 Bxe5 10. dxe5 Ne4 11. Nxe4 dxe4 12. Qe2 O-O-O 13. a4 a5 14. O-O g5 15. Bg3 h5 16. h3 Qc5 17. c3 Nxe5 18.
b4 axb4 19. cxb4 Qd5 20. a5 Nd3 21. Qc2 c6 22. Bc4 Nxb4 23. Qc3 Qc5 24. axb6 h4 25. Bxe6+ fxe6 26. Qxc5 Nd3 27. Qe7 1-0

[Event "*** Titled Tuesday Blitz"]
[Site "Chess.com"]
[Date "2018.07.03"]
[Round "5"]
[White "Bauxi435"]
[Black "albi1999"]
[Result "0-1"]
[WhiteElo "2424"]
[BlackElo "2503"]
[TimeControl "180+2"]
[EndTime "14:01:45 PDT"]
[Termination "albi1999 won by checkmate"]

1. d4 d5 2. c4 e6 3. Nc3 Nf6 4.
cxd5 Nxd5 5. e4 Nxc3 6. bxc3 c5 7. Nf3 cxd4 8. cxd4 Bb4+ 9. Bd2 Bxd2+ 10. Qxd2 O-O 11. Bc4 Nd7 12. O-O b6 13. Rfe1 Bb7 14. Rad1 Rc8 15.
Bd3 Qc7 16. Bb1 Qc3 17. Qf4 Qc7 18. Qh4 Qd8 19. Qg3 Qc7 20. e5 Rfd8 21. h4 Nf8 22. h5 h6 23. Nh2 Qe7 24. f4 Rc4 25. Qe3 Qh4 26. g3 Qxh5 27. Rd2 Qh3 28. Red1 Rcxd4 29. Rxd4 Qg2# 0-1

[Event "*** Titled Tuesday Blitz"]
[Site "Chess.com"]
[Date "2018.07.03"]
[Round "5"]
[White "krzysztofszczurek"]
[Black "canwedoit"]
[Result "1-0"]
[WhiteElo "2363"]
[BlackElo "2507"]
[TimeControl "180+2"]
[EndTime "14:01:45 PDT"]
[Termination "krzysztofszczurek won by checkmate"]

1. e4 c5 2. c3 d5 3. exd5 Qxd5 4. d4 Nf6 5. Nf3 Bf5 6. Nbd2 Nc6 7. Bc4 Qd6 8. O-O e6 9. Nb3 cxd4 10. Nbxd4 Rd8 11. Qb3 Be4 12. Bg5 Be7 13. h3 O-O 14. Rad1 Na5 15. Qa4 Nxc4 16. Qxc4 Qb6 17. Qe2 Bg6 18. Ne5 Rd5 19. Nxg6 hxg6 20. Bh4 Rfd8 21. Nb3 a5 22. Rxd5 Rxd5 23. Rd1 a4 24. Nd4 e5 25. Nf3 Rxd1+ 26. Qxd1 Qxb2 27. Qxa4 Qxc3 28. Qa8+ Kh7 29.
Ng5+ Kh6 30. Qh8+ Nh7 31. Qxh7# 1-0

[Event "*** Titled Tuesday Blitz"]
[Site "Chess.com"]
[Date "2018.07.03"]
[Round "5"]
[White "Vamostodorecto"]
[Black "florianschwabeneder"]
[Result "1-0"]
[WhiteElo "2361"]
[BlackElo "2461"]
[TimeControl "180+2"]
[EndTime "14:01:58 PDT"]
[Termination "Vamostodorecto won by resignation"]

1. d4 Nf6 2. c4 e6 3. Nc3 b6 4. e4 Bb7 5. f3 d6 6. Bd3 Nbd7 7.
Nge2 c5 8. d5 e5 9. O-O g6 10.
f4 exf4 11. Bxf4 Qe7 12. Nb5 Ne5 13. Bxe5 Qxe5 14. Nc7+ Ke7 15. Nxa8 Bxa8 16. Qa4 a5 17. Rf3 Nd7 18. Raf1 f6 19. Qb5 Bb7 20. Kh1 Bg7 21. Nf4 Rb8 22. Bc2 Bc8 23. Ba4 Kf7 24. Qc6 Qe7 25.
Qc7 b5 26. Bxb5 Rxb5 27. cxb5 Ne5 28. Qxc8 Nxf3 29. gxf3 Bh6 30. Qe6+ Qxe6 31. Nxe6 1-0

[Event "*** Titled Tuesday Blitz"]
[Site "Chess.com"]
[Date "2018.07.03"]
[Round "5"]
[White "Goala"]
[Black "Zq1"]
[Result "0-1"]
[WhiteElo "2419"]
[BlackElo "2512"]
[TimeControl "180+2"]
[EndTime "14:02:03 PDT"]
[Termination "Zq1 won by resignation"]

1. d4 Nf6 2. c4 a6 3. Nf3 c5 4. d5 b5 5. cxb5 axb5 6. g3 Bb7 7. Bg2 Bxd5 8. O-O e6 9. Nc3 Bc6 10. Re1 b4 11. Nb1 Be7 12. Nbd2 O-O 13. e4 d6 14. Qe2 Nbd7 15. Rd1 Qb8 16. b3 Ng4 17. Bb2 Bf6 18. Bxf6 Ngxf6 19. Ng5 h6 20. Nh3 Rd8 21. Nf4 Ne5 22. h3 Qb5 23. Qe3 Qb7 24. g4 Ra6 25.
Rdc1 Rda8 26. Rc2 R8a7 27. f3 Qa8 28. Nc4 Nxc4 29. Rxc4 Rxa2 30. Rxa2 Rxa2 31. e5 dxe5 32.
Nd3 Nd7 33. Nxc5 Nxc5 34. Rxc5 Bd5 35. h4 Rb2 36. Rb5 Qa1+ 37. Kh2 Qf1 38. Rb8+ Kh7 39.
Qg1 Qxf3 0-1

[Event "*** Titled Tuesday Blitz"]
[Site "Chess.com"]
[Date "2018.07.03"]
[Round "5"]
[White "vovachesss"]
[Black "VladimirBelous"]
[Result "0-1"]
[WhiteElo "2430"]
[BlackElo "2662"]
[TimeControl "180+2"]
[EndTime "14:02:07 PDT"]
[Termination "VladimirBelous won by resignation"]

1. c4 Nf6 2. Nc3 g6 3. g3 d5 4. cxd5 Nxd5 5. Bg2 Nxc3 6. bxc3 Bg7 7. Nf3 O-O 8. O-O c6 9. d4 Nd7 10. e4 Nb6 11. e5 Be6 12. Nd2 Bd5 13. Ne4 Nc4 14. Qe2 f6 15. f4 fxe5 16. fxe5 Rxf1+ 17. Qxf1 Qa5 18. Bg5 Rf8 19. Qd3 Qa3 20. Nd2 Nxd2 21. Bxd2 e6 22. Bxd5 cxd5 23. Bc1 Qe7 24. a4 Qf7 25. Ba3 Qf2+ 26. Kh1 Rf3 27. Qb5 Bf8 28. Qe8 Kg7 29. Bxf8+ Rxf8 30. Qe7+ Rf7 31. Qxe6 Qf3+ 32.
Kg1 Qxc3 33. Rd1 Qe3+ 34. Kg2 Qe2+ 35. Kh3 Qh5+ 36. Kg2 Qxd1 0-1

[Event "*** Titled Tuesday Blitz"]
[Site "Chess.com"]
[Date "2018.07.03"]
[Round "5"]
[White "Aklanion"]
[Black "ChessMavenYeti"]
[Result "0-1"]
[WhiteElo "2050"]
[BlackElo "2202"]
[TimeControl "180+2"]
[EndTime "14:02:07 PDT"]
[Termination "ChessMavenYeti won by resignation"]

1. e4 e6 2. d4 d5 3. Nd2 c5 4. exd5 Qxd5 5. Ngf3 Nf6 6. Bc4 Qd6 7. O-O cxd4 8. Nb3 Nc6 9. Nbxd4 Nxd4 10. Nxd4 a6 11. c3 Qc7 12. Bd3 Bd6 13. g3 O-O 14. Bg5 Nd5 15. Qc2 g6 16. a3 e5 17. Nb3 f5 18. Rad1 Nf6 19. c4 b6 20. Rfe1 Bb7 21.
Bf1 Qc6 22. f3 Qxf3 23. Bg2 Qxg2+ 24. Qxg2 Bxg2 25. Kxg2 Rad8 26. Rd3 e4 27. Rdd1 Be7 28. Nd4 Kf7 29. Nc6 Rxd1 30. Rxd1 Rc8 31. Nxe7 Kxe7 32. Bxf6+ Kxf6 33. Rd6+ Ke5 34. Rxb6 Rxc4 35. Rxa6 Rc2+ 36. Kg1 Rxb2 37. a4 e3 38. Ra8 Kd4 39. a5 Ke4 40.
Re8+ Kf3 41. h3 Rb1+ 42. Kh2 e2 43. a6 e1=Q 44. Rxe1 Rxe1 45. a7 0-1

[Event "*** Titled Tuesday Blitz"]
[Site "Chess.com"]
[Date "2018.07.03"]
[Round "5"]
[White "Kurai"]
[Black "pultineviciuspaulius"]
[Result "0-1"]
[WhiteElo "2450"]
[BlackElo "2610"]
[TimeControl "180+2"]
[EndTime "14:02:19 PDT"]
[Termination "pultineviciuspaulius won on time"]

1. d4 g6 2. e4 Bg7 3. Nc3 d6 4. Nf3 a6 5. a4 b6 6. Bd3 Bb7 7. Be3 Nd7 8. Qd2 c5 9. O-O cxd4 10. Nxd4 Nc5 11. Rae1 Nf6 12. Bh6 O-O 13. Bxg7 Kxg7 14. Qg5 e5 15. Nf5+ Kh8 16. Nh6 Rc8 17.
f4 Ne6 18. Qh4 exf4 19. Kh1 Rc5 20. Be2 Kg7 21. Ng4 h5 22. Nf2 g5 23. Qh3 Bc8 24.
Qd3 Re5 25. Bd1 Nc5 26. Qd4 Bb7 27. Nd3 Nxd3 28. cxd3 Ng4 29. g3 fxg3 30. hxg3 f5 31. Kg1 f4 32. Bxg4 hxg4 33. Ne2 f3 34. Nc3 Rh8 35.
Rf2 Qf6 36. Nd1 Qh6 0-1

[Event "*** Titled Tuesday Blitz"]
[Site "Chess.com"]
[Date "2018.07.03"]
[Round "5"]
[White "DiamondCrusher22"]
[Black "maheswaran26"]
[Result "0-1"]
[WhiteElo "1955"]
[BlackElo "1986"]
[TimeControl "180+2"]
[EndTime "14:02:20 PDT"]
[Termination "maheswaran26 won by resignation"]

1. e4 c5 2. Nf3 e6 3. c3 Nf6 4. e5 Nd5 5. d4 cxd4 6. cxd4 d6 7. a3 Bd7 8. Bd3 Bc6 9. O-O Nd7 10. Qe2 a6 11.
Nc3 Nxc3 12. bxc3 Be7 13. exd6 Bxd6 14. Ng5 Nf6 15. d5 Bxd5 16. c4 Bc6 17. Bb2 h6 18. c5 hxg5 19. cxd6 Qxd6 20. g3 O-O-O 21. Rfd1 Rxh2 22.
Be4 Bxe4 23. Qxe4 Qxd1+ 24. Kxh2 Nxe4 0-1

[Event "*** Titled Tuesday Blitz"]
[Site "Chess.com"]
[Date "2018.07.03"]
[Round "5"]
[White "AsaHoffmann"]
[Black "Joel1285"]
[Result "0-1"]
[WhiteElo "1950"]
[BlackElo "1767"]
[TimeControl "180+2"]
[EndTime "14:02:21 PDT"]
[Termination "Joel1285 won by resignation"]

1. d4 Nf6 2. Bg5 c5 3. Bxf6 gxf6 4. d5 Qb6 5. Qc1 Bg7 6. g3 f5 7. c3 d6 8. Bg2 O-O 9. Nh3 e6 10. Nf4 Bh6 11. e3 e5 12. Ne2 Nd7 13. Nd2 Nf6 14. c4 Bd7 15. O-O Rfc8 16. Nc3 Qd8 17. Qc2 a6 18. a4 b6 19. f4 e4 20. Nd1 Bg7 21. Nf2 h5 22. h4 Ng4 23. Bh3 Rcb8 24.
Bxg4 hxg4 25. Kg2 Rb7 26. Rh1 Kh7 27. h5 Rab8 28. b3 b5 29. axb5 axb5 30. Ra6 Rb6 31. Rxb6 Rxb6 32. Rh4 Bf6 33. Rh2 Kh6 34. Nxg4+ fxg4 35.
Qxe4 Qc8 36. Qd3 bxc4 37. bxc4 Rb2 38. e4 Qa6 39. e5 dxe5 40. fxe5 Bxe5 41. Qe3+ Kh7 42.
Qe4+ f5 43. Qxe5 Rxd2+ 44. Kf1 Qxc4+ 45. Kg1 Qc1+ 0-1

[Event "*** Titled Tuesday Blitz"]
[Site "Chess.com"]
[Date "2018.07.03"]
[Round "5"]
[White "Aleksey_Sorokin"]
[Black "penguingm1"]
[Result "0-1"]
[WhiteElo "2768"]
[BlackElo "2773"]
[TimeControl "180+2"]
[EndTime "14:02:35 PDT"]
[Termination "penguingm1 won by resignation"]

1. d4 d5 2. c4 e6 3. Nf3 Nf6 4. g3 Be7 5. Bg2 O-O 6. O-O dxc4 7. Ne5 Nc6 8. Bxc6 bxc6 9. Nxc6 Qe8 10. Nxe7+ Qxe7 11. Qa4 e5 12. dxe5 Qxe5 13. Qxc4 Be6 14. Qh4 Qxe2 15.
Nc3 Qc4 16. Qxc4 Bxc4 17. Re1 Nd5 18. Ne4 Nb4 19. Bf4 Nc2 20. Rec1 Bd3 21. Nc5 Bg6 22.
Nd7 Rfd8 23. Ne5 Nxa1 24. Rxa1 Be4 25. f3 Bd5 26. Kf2 f6 27. Ng4 Be6 28. Rc1 Rd7 29. a3 h5 30. Ne3 Rd2+ 31. Kg1 Rxb2 32. Rxc7 a5 33. Re7 Bh3 34. g4 hxg4 35. fxg4 Rd8 36. Bg3 Rdd2 37. Be1 Re2 38. Nf5 Rg2+ 0-1

[Event "*** Titled Tuesday Blitz"]
[Site "Chess.com"]
[Date "2018.07.03"]
[Round "5"]
[White "David_Paravyan"]
[Black "RitvarsReimanis"]
[Result "1-0"]
[WhiteElo "2706"]
[BlackElo "2463"]
[TimeControl "180+2"]
[EndTime "14:02:35 PDT"]
[Termination "David_Paravyan won by checkmate"]

1. e4 e6 2. d4 d5 3. e5 f5 4. c3 c5 5. Nf3 Nc6 6. Be2 Nh6 7. Bxh6 gxh6 8. O-O Rg8 9. Nbd2 Bd7 10. a3 a5 11.
Rb1 cxd4 12. cxd4 Be7 13. Nb3 b6 14. Kh1 a4 15. Nc1 Na5 16. Nd3 Nb3 17. Nf4 Kf8 18.
g3 Rc8 19. Rg1 Qc7 20. Bd3 Qc6 21. Qf1 Bg5 22. Qh3 Be8 23. Nxg5 hxg5 24. Qh6+ Ke7 25. Bb5 gxf4 26. Bxc6 Rxc6 27. gxf4 Bg6 28. h4 Nxd4 29.
h5 Rcc8 30. hxg6 hxg6 31. Rxg6 Nf3 32. Qh7+ Rg7 33. Rxg7+ Kf8 34. Rg8# 1-0

[Event "*** Titled Tuesday Blitz"]
[Site "Chess.com"]
[Date "2018.07.03"]
[Round "5"]
[White "cool4chess"]
[Black "LuisFSiles"]
[Result "0-1"]
[WhiteElo "2033"]
[BlackElo "2226"]
[TimeControl "180+2"]
[EndTime "14:02:37 PDT"]
[Termination "LuisFSiles won on time"]

1. e4 e5 2. Nf3 Nc6 3. Bb5 Nf6 4. O-O Nxe4 5. d4 Nd6 6. Bg5 Be7 7. Bxc6 Bxg5 8.
dxe5 Nc4 9. Bd5 Nb6 10. Bb3 O-O 11. Nxg5 Qxg5 12. f4 Qf5 13. Nd2 d6 14. exd6 Qc5+ 15. Kh1 Qxd6 16. Ne4 Qxd1 17. Raxd1 a5 18. Ng5 Bg4 19.
Rd4 a4 20. Bxf7+ Rxf7 21. Nxf7 Kxf7 22. f5 Be2 23. Re1 Re8 24. b3 Bb5 25. Rxe8 Bxe8 0-1

[Event "*** Titled Tuesday Blitz"]
[Site "Chess.com"]
[Date "2018.07.03"]
[Round "5"]
[White "ChainsOfFantasia"]
[Black "Karina_Oparina"]
[Result "1-0"]
[WhiteElo "2385"]
[BlackElo "2201"]
[TimeControl "180+2"]
[EndTime "14:02:41 PDT"]
[Termination "ChainsOfFantasia won by resignation"]

1. d4 Nf6 2. c4 e6 3. Nf3 b6 4. a3 Bb7 5. Nc3 d5 6. cxd5 Nxd5 7.
Qc2 Nd7 8. e4 Nxc3 9. bxc3 c5 10. Bd3 Be7 11. O-O O-O 12. Bb2 Qc7 13. Qe2 Rac8 14.
e5 Rfd8 15. h4 c4 16. Bc2 b5 17. Bc1 Bd5 18. Ng5 h6 19. Qh5 Bxg5 20. hxg5 Nf8 21.
gxh6 g6 22. Qh4 Nh7 23. a4 bxa4 24. Rxa4 a5 25. Ba3 Qc6 26. Be7 Re8 27. Rxa5 Bxg2 28.
Ba4 Qf3 29. Bxe8 Bxf1 30. Kxf1 Rxe8 31. Bb4 g5 32. Qg3 Qd1+ 33. Kg2 g4 34. Ra1 Qe2 35. Re1 Qf3+ 36. Qxf3 gxf3+ 37. Kxf3 Ng5+ 38. Kf4 Nh3+ 39. Kg3 Ng5 40. f4 Nh7 41. Kh4 f5 42. Rg1+ Kh8 43.
Rg7 Rg8 44. Rxg8+ Kxg8 45. Kh5 Kf7 46. Bc5 1-0

[Event "*** Titled Tuesday Blitz"]
[Site "Chess.com"]
[Date "2018.07.03"]
[Round "5"]
[White "Mikhail_Antipov"]
[Black "Gvalch"]
[Result "1-0"]
[WhiteElo "2829"]
[BlackElo "2622"]
[TimeControl "180+2"]
[EndTime "14:02:42 PDT"]
[Termination "Mikhail_Antipov won by checkmate"]

1. e4 e6 2. d4 d5 3. Nd2 Be7 4. Ngf3 Nf6 5. e5 Nfd7 6. Bd3 c5 7. c3 Nc6 8. O-O g5 9. b4 cxb4 10. cxb4 Nxb4 11. Be2 Nc6 12. Nb3 h6 13. Be3 b6 14.
Ne1 f5 15. Bh5+ Kf8 16. f4 g4 17. h3 gxh3 18. g4 Rg8 19. Kh2 Bh4 20. Rg1 Bxe1 21.
Qxe1 Ne7 22. Bc1 Rg7 23. Ba3 Kg8 24. Qh4 Nc6 25. Qxh3 Nf8 26. gxf5 exf5 27. Rxg7+ Kxg7 28. Rg1+ Kh7 29. Bf7 Qd7 30. Bxf8 Qxf7 31. Qxh6# 1-0

[Event "*** Titled Tuesday Blitz"]
[Site "Chess.com"]
[Date "2018.07.03"]
[Round "5"]
[White "bugsbunny444"]
[Black "DishonorOnYourCow"]
[Result "1-0"]
[WhiteElo "2378"]
[BlackElo "2237"]
[TimeControl "180+2"]
[EndTime "14:02:44 PDT"]
[Termination "bugsbunny444 won by resignation"]

1. Nf3 Nf6 2. c4 g6 3. b4 Bg7 4. Bb2 a5 5. b5 O-O 6. g3 d5 7. cxd5 Qxd5 8. a4 c6 9. Bg2 cxb5 10. Nc3 Qd8 11. Nxb5 Nc6 12. O-O Bf5 13. d3 Nb4 14. Nfd4 Bc8 15. Nc2 Nfd5 16. Bxg7 Kxg7 17. Nxb4 Nxb4 18. Qb3 Kg8 19. Rfc1 Be6 20. Qb2 Bd5 21. Nc7 Bxg2 22. Kxg2 Rc8 23. Qe5 Nc6 24. Rxc6 bxc6 25. Na6 Qd6 26. Qxa5 Ra8 27. Rb1 c5 28. Rb6 Qd5+ 29.
f3 c4 30. Qxd5 1-0

[Event "*** Titled Tuesday Blitz"]
[Site "Chess.com"]
[Date "2018.07.03"]
[Round "5"]
[White "Caterpiller35"]
[Black "icychess54"]
[Result "1-0"]
[WhiteElo "2299"]
[BlackElo "2110"]
[TimeControl "180+2"]
[EndTime "14:02:51 PDT"]
[Termination "Caterpiller35 won by resignation"]

1. d4 d5 2. Bf4 Nf6 3. e3 e6 4. c3 c5 5. Nd2 Nc6 6. Ngf3 Be7 7. Bd3 b6 8. Ne5 Nxe5 9. dxe5 Nd7 10. h4 Bb7 11. Qg4 g6 12. Nf3 Qc7 13. h5 O-O-O 14. O-O-O c4 15. Bc2 a5 16. Rh3 b5 17. Nd4 Qb6 18. Rdh1 Rhf8 19. hxg6 hxg6 20. Rh7 Bc5 21. Rg7 b4 22. Rhh7 bxc3 23. bxc3 Ba3+ 24. Kd2 Nc5 25. Rxf7 Bb2 26. Rc7+ Kb8 27. Nxe6 Bxc3+ 28. Kd1 Qb2 29. Nxc5 Qa1+ 30. Ke2 Qc1 1-0

[Event "*** Titled Tuesday Blitz"]
[Site "Chess.com"]
[Date "2018.07.03"]
[Round "5"]
[White "GM_Huschenbeth"]
[Black "nurmiTV"]
[Result "1-0"]
[WhiteElo "2477"]
[BlackElo "2503"]
[TimeControl "180+2"]
[EndTime "14:02:55 PDT"]
[Termination "GM_Huschenbeth won by resignation"]

1. e4 c5 2. Nf3 e6 3. d4 cxd4 4. Nxd4 a6 5. Bd3 Bc5 6. Nb3 Be7 7. Qg4 g6 8. Qe2 d6 9. O-O Nc6 10. Nc3 Nf6 11. Bh6 Ne5 12. h3 Nh5 13. f4 Ng3 14.
Qf2 Nxd3 15. Qxg3 Nxb2 16. f5 Nc4 17. Bg7 Rg8 18. Bd4 Bh4 19. Qg4 Qg5 20. Qe2 b5 21.
fxe6 fxe6 22. a4 Bb7 23. axb5 axb5 24. Rxa8+ Bxa8 25. Bf6 Qh6 26. Nxb5 Bxf6 27. Qxc4 Qe3+ 28. Kh1 Qxe4 29. Nxd6+ 1-0

[Event "*** Titled Tuesday Blitz"]
[Site "Chess.com"]
[Date "2018.07.03"]
[Round "5"]
[White "evgenysharapov"]
[Black "pouya21"]
[Result "0-1"]
[WhiteElo "2398"]
[BlackElo "2646"]
[TimeControl "180+2"]
[EndTime "14:03:01 PDT"]
[Termination "pouya21 won by resignation"]

1. e4 c5 2. Nf3 d6 3. d4 cxd4 4. Nxd4 Nf6 5. f3 e5 6. Nb3 Be6 7. c4 a5 8. Be3 a4 9. Nc1 Nc6 10. Be2 Be7 11. O-O O-O 12. Nc3 Qa5 13. Nd5 Bxd5 14. cxd5 Nd4 15. Bxd4 exd4 16. Nd3 Nd7 17. Qe1 Qb6 18. Qb4 Qxb4 19. Nxb4 a3 20. b3 Nc5 21. Nd3 Nxd3 22. Bxd3 Rfc8 23. Kf2 Bg5 24. Ke2 Be3 25. f4 Rc3 26. f5 Rac8 27. g4 f6 28. h4 h5 29. g5 fxg5 30. hxg5 Bxg5 31. Rh1 h4 32. Rag1 Bf6 33. Rh3 Kf7 34. Rhh1 R8c7 35. Rf1 Bg5 36.
Rfg1 Bf6 37. Rf1 Ke7 38. Rfg1 Kd8 39. Rf1 Kc8 40. Rfg1 Kb8 41. Rf1 Ka7 42. Rfg1 Kb6 43. Rf1 Ka5 44. Rd1 Kb4 45. Rhg1 b5 46. Rh1 Rc8 47. Rhg1 h3 48. Rh1 Rh8 49. Rdf1 h2 50. Rf3 Be5 51. Kd2 Rh4 52. Ke2 Rg4 53. Rf2 Rg3 0-1

[Event "*** Titled Tuesday Blitz"]
[Site "Chess.com"]
[Date "2018.07.03"]
[Round "5"]
[White "Mimsychess"]
[Black "Martins-BR"]
[Result "1-0"]
[WhiteElo "2304"]
[BlackElo "2322"]
[TimeControl "180+2"]
[EndTime "14:03:01 PDT"]
[Termination "Mimsychess won by resignation"]

1. e4 c5 2. Nf3 e6 3. d4 cxd4 4.
Nxd4 Nc6 5. Nc3 Qc7 6. Be3 a6 7. Qd2 Nf6 8. O-O-O Be7 9. f4 b5 10. e5 b4 11. Ncb5 axb5 12. Nxb5 Qa5 13. exf6 gxf6 14. Bc4 d5 15. Bd3 Qxa2 16. Qf2 Kd7 17. Kd2 b3 18. Ra1 Bb4+ 19. Ke2 Qxa1 20. Rxa1 Rxa1 21. c3 Be7 22. Bc5 Ra2 23. Kf3 Bb7 24. Bxe7 Nxe7 25. Qb6 Bc6 26. Qc7+ Ke8 27. Nd6+ Kf8 28. Qd8+ Kg7 29.
Qxe7 d4+ 30. Be4 Bxe4+ 31. Nxe4 dxc3 32. Qxf6+ Kg8 33. Qd8+ Kg7 34. Qd4+ Kg8 35. Nf6+ Kf8 36. Qd8+ Kg7 37. Nh5+ 1-0

[Event "*** Titled Tuesday Blitz"]
[Site "Chess.com"]
[Date "2018.07.03"]
[Round "5"]
[White "Roachelley"]
[Black "dachessmandan"]
[Result "0-1"]
[WhiteElo "2301"]
[BlackElo "2429"]
[TimeControl "180+2"]
[EndTime "14:03:02 PDT"]
[Termination "dachessmandan won by checkmate"]

1. e4 e5 2. Nf3 Nc6 3. Bb5 a6 4. Ba4 Nf6 5. O-O b5 6. Bb3 Be7 7. Re1 d6 8. c3 O-O 9. h3 Na5 10. Bc2 c5 11. d4 Qc7 12. d5 Bd7 13. Nbd2 Nb7 14. Nf1 Nd8 15. Ng3 Ne8 16. Be3 g6 17.
Bh6 Ng7 18. Qd2 f6 19. Rad1 Nf7 20. Be3 f5 21. exf5 gxf5 22. Bh6 Nxh6 23. Qxh6 Rf6 24. Qg5 Re8 25. Qd2 Qc8 26. Bb1 Ref8 27.
Ng5 Rg6 28. Nf3 e4 29. Nh2 Bg5 30. Qe2 Bh4 31. Nh5 Nxh5 32. Qxh5 Qd8 33. Kf1 Bg5 34.
Qe2 Bf4 35. g3 Be5 36. Qe3 f4 37. gxf4 Bxf4 38. Qxe4 Bxh3+ 39. Ke2 Re8 40. Kd3 Rxe4 41. Kxe4 Bxh2 42. f4 Bg2+ 43. Kf5 Qf6# 0-1

[Event "*** Titled Tuesday Blitz"]
[Site "Chess.com"]
[Date "2018.07.03"]
[Round "5"]
[White "MITerryble"]
[Black "sergiochess83"]
[Result "1-0"]
[WhiteElo "2712"]
[BlackElo "2738"]
[TimeControl "180+2"]
[EndTime "14:03:04 PDT"]
[Termination "MITerryble won by resignation"]

1. d4 Nf6 2. Bg5 d5 3. Bxf6 exf6 4. e3 Bd6 5. c4 dxc4 6. Bxc4 O-O 7. Nc3 c6 8. Nge2 f5 9. O-O Nd7 10. a3 a5 11. Rc1 Nf6 12. h3 Qe7 13. Ba2 Re8 14. Re1 Bd7 15. Nf4 Rad8 16. Nd3 g6 17. f4 Be6 18. Bb3 Kg7 19. Qc2 Bb8 20. Na4 Bxb3 21. Qxb3 Nd5 22. Rc2 Qh4 23. Rce2 Re7 24. Nc3 Nf6 25.
Nc5 Rde8 26. Nxb7 Bxf4 27. exf4 Rxe2 28. Rxe2 Rxe2 29. Nxe2 Qe1+ 30. Kh2 Ng4+ 31. hxg4 Qh4+ 32. Qh3 Qe1 33. Ng3 1-0

[Event "*** Titled Tuesday Blitz"]
[Site "Chess.com"]
[Date "2018.07.03"]
[Round "5"]
[White "NateSolon"]
[Black "rekosheten"]
[Result "1-0"]
[WhiteElo "2402"]
[BlackElo "2355"]
[TimeControl "180+2"]
[EndTime "14:03:07 PDT"]
[Termination "NateSolon won on time"]

1. d4 Nf6 2. Bg5 Ne4 3. Bf4 c5 4. f3 Qa5+ 5. c3 Nf6 6. Nd2 cxd4 7. Nb3 Qf5 8. Bxb8 Rxb8 9. Qxd4 b6 10. e4 Qh5 11. Ne2 e5 12. Qa4 a6 13. Ng3 Qh6 14.
Nf5 Qg5 15. h4 Qf4 16. Nd2 b5 17. Qc2 Nh5 18. Rh3 d5 19. O-O-O g6 20. g3 Nxg3 21. Rxg3 gxf5 22. Rg1 fxe4 23. fxe4 dxe4 24. Kb1 Bf5 25. Bh3 Bxh3 26. Ka1 e3 27. Nb3 Bh6 28. Qe2 Kf8 29.
Nc5 Re8 30. Qh5 a5 31. a3 b4 32. Nd3 Qf6 33. cxb4 axb4 34. a4 e4 35. Nc5 Ra8 36.
Qd5 1-0

[Event "*** Titled Tuesday Blitz"]
[Site "Chess.com"]
[Date "2018.07.03"]
[Round "5"]
[White "nickmatta"]
[Black "Nathan_Filgueiras"]
[Result "1-0"]
[WhiteElo "2281"]
[BlackElo "2156"]
[TimeControl "180+2"]
[EndTime "14:03:08 PDT"]
[Termination "nickmatta won by checkmate"]

1. e4 c5 2. Nf3 Nc6 3. d4 cxd4 4. Nxd4 e5 5. Nb5 d6 6. c4 Be6 7. Be2 Be7 8. O-O Nf6 9. Bg5 a6 10. Bxf6 gxf6 11. N5c3 f5 12. exf5 Bxf5 13. Bd3 Be6 14. Nd5 Bxd5 15. cxd5 Nd4 16. Nc3 Qd7 17. Qh5 O-O-O 18.
Ne2 Nxe2+ 19. Bxe2 Kb8 20. Qxf7 Bg5 21. Qh5 Rhg8 22. Bg4 Qe7 23. Be6 Rg7 24. Rad1 Rf8 25. Rd3 Bf4 26. g3 Bg5 27. Kh1 h6 28. h4 Bf6 29.
Rb3 Rh8 30. Qe2 Ka8 31. Rc1 Rb8 32. Rbc3 Rh7 33. b4 Rhh8 34. b5 a5 35. b6 Qd8 36.
Rc7 Bxh4 37. Qa6+ bxa6 38. Ra7# 1-0

[Event "*** Titled Tuesday Blitz"]
[Site "Chess.com"]
[Date "2018.07.03"]
[Round "5"]
[White "gmcorrales"]
[Black "pKiLz5Rn9b"]
[Result "1-0"]
[WhiteElo "2663"]
[BlackElo "2724"]
[TimeControl "180+2"]
[EndTime "14:03:11 PDT"]
[Termination "gmcorrales won on time"]

1. e4 e6 2. d4 d5 3. Nc3 dxe4 4. Nxe4 Nd7 5. Nf3 Ngf6 6. Nxf6+ Nxf6 7. c3 Be7 8. Be3 O-O 9. Bd3 b6 10. Qc2 Bb7 11.
O-O-O Qc8 12. Ng5 h6 13. h4 c5 14. f3 Qc7 15. g4 Rfd8 16. Bh7+ Kf8 17. Bg6 cxd4 18.
Bxf7 hxg5 19. Bxe6 dxe3 20. hxg5 Rxd1+ 21. Qxd1 Ng8 22. Rh8 Bxg5 23. Rxg8+ Ke7 24. Rxg7+ Kf6 25. Qd4+ Kxe6 26. Rxg5 1-0

[Event "*** Titled Tuesday Blitz"]
[Site "Chess.com"]
[Date "2018.07.03"]
[Round "5"]
[White "Flawless2018"]
[Black "ChrisTool2"]
[Result "1-0"]
[WhiteElo "2423"]
[BlackElo "2264"]
[TimeControl "180+2"]
[EndTime "14:03:11 PDT"]
[Termination "Flawless2018 won by resignation"]

1. e4 c5 2. Nf3 e6 3. Nc3 a6 4. Be2 Qc7 5. d4 cxd4 6. Nxd4 d6 7. O-O Nf6 8. Be3 b5 9. Bf3 Bb7 10. a4 b4 11. Na2 d5 12. exd5 Nxd5 13. c3 Nxe3 14.
fxe3 Bd6 15. Bxb7 Qxb7 16. Nxe6 Bxh2+ 17. Kh1 fxe6 18. Qh5+ g6 19. Qg4 Bd6 20. Rf6 Be7 21. Qxe6 Qd7 22. Qe5 Rf8 23. Rxf8+ Kxf8 24. Qh8+ Kf7 25.
Rf1+ Ke6 26. Qg8+ Ke5 27. Qg7+ Ke4 28. Rf4+ Kxe3 29. Qe5+ Kd2 30. Rd4+ Qxd4 31. Qxd4+ Kc2 32. Qe4+ Kb3 33. Qxa8 Kxa2 34. Qxb8 1-0

[Event "*** Titled Tuesday Blitz"]
[Site "Chess.com"]
[Date "2018.07.03"]
[Round "5"]
[White "Kimster98"]
[Black "Genghis_K"]
[Result "0-1"]
[WhiteElo "2505"]
[BlackElo "2713"]
[TimeControl "180+2"]
[EndTime "14:03:19 PDT"]
[Termination "Genghis_K won on time"]

1. Nf3 Nf6 2. c4 g6 3. g3 b6 4.
Bg2 Bb7 5. b3 Bg7 6. Bb2 O-O 7.
O-O d6 8. d4 Nbd7 9. Nc3 Ne4 10. Nxe4 Bxe4 11. Nd2 Bxg2 12. Kxg2 c5 13. Nf3 Qc7 14.
Rc1 Rfe8 15. Qd2 a6 16. d5 Bxb2 17. Qxb2 b5 18. Qc3 Rab8 19. Nd2 e5 20. e4 f5 21. f4 Rf8 22. Nf3 bxc4 23. fxe5 dxe5 24. Ng5 Qd6 25. Ne6 Rf7 26. Qxc4 Rb4 27. Qc2 Rxe4 28. Nxc5 Rd4 29. Nxd7 Qxd5+ 30. Kg1 Rxd7 31. Qc8+ Kg7 32. Qc6 Rd2 33.
Qxd5 R7xd5 34. Rc7+ Kh6 35. a4 Rb2 36. Rf2 Rxb3 37. Ra7 a5 0-1

[Event "*** Titled Tuesday Blitz"]
[Site "Chess.com"]
[Date "2018.07.03"]
[Round "5"]
[White "Mikhail_Golubev"]
[Black "Sordis"]
[Result "0-1"]
[WhiteElo "2367"]
[BlackElo "2277"]
[TimeControl "180+2"]
[EndTime "14:03:20 PDT"]
[Termination "Sordis won on time"]

1. e4 c5 2. Nf3 d6 3. d4 cxd4 4. Nxd4 Nf6 5. Nc3 g6 6. Be3 Bg7 7. f3 O-O 8. Qd2 Nc6 9. O-O-O d5 10. Qe1 e6 11. h4 Qc7 12. Ndb5 Qb8 13. exd5 exd5 14.
Bc5 Qf4+ 15. Kb1 Re8 16. Qf2 a6 17. g3 Qe5 18. Bd6 Qe6 19. Bh3 Qe3 20. Qxe3 Rxe3 21. Nc7 Bxh3 22. Nxa8 Bg2 23. Rhe1 Rxe1 24. Rxe1 Bxf3 25.
Nb6 h5 26. Rf1 Bg2 27. Rf2 Bh1 28. Nc8 Ne4 29. Nxe4 Bxe4 30. Bf4 Bf5 31. Nd6 Be6 32. Nxb7 Nd4 33. Rd2 Nf3 34. Rd3 Ne1 0-1